 Dungeon Crawl Stone Soup version 0.28.0-45-g0d030f2227 (webtiles) character file.

Game seed: 9215042544179205061

79 Andrea the Magician (level 4, -1/32 HPs)
             Began as a Gnoll Hedge Wizard on Apr 6, 2022.
             Slain by a goblin
             ... wielding a +0 club
             ... led by Robin
              (5 damage)
             ... on level 2 of the Dungeon.
             The game lasted 00:05:21 (2463 turns).

Andrea the Magician (Gnoll Hedge Wizard)            Turns: 2463, Time: 00:05:22

Health: -1/32      AC:  2    Str: 11    XL:     4   Next: 37%
Magic:  11/13      EV: 14    Int: 13    God:
Gold:   19         SH:  0    Dex: 18    Spells: 6/17 levels left

rFire   . . .      SeeInvis .   a - +0 dagger
rCold   . . .      Faith    .   (no shield)
rNeg    . . .      Spirit   .   b - +0 robe
rPois   .          Reflect  .   c - +0 hat
rElec   .          Harm     .   (no cloak)
rCorr   .          Rampage  .   (no gloves)
Will    .....                   (no boots)
Stlth   +++.......              (no amulet)
HPRegen 0.10/turn               f - +6 ring of dexterity
MPRegen 0.13/turn               (no ring)

@: on blink cooldown
A: fangs 1, strong nose, distributed training
a: no special abilities


You were on level 2 of the Dungeon.
You visited 1 branch of the dungeon, and saw 3 of its levels.

You collected 89 gold pieces.
You spent 70 gold pieces at shops.

Inventory:

Hand Weapons
 a - a +0 dagger (weapon)
Armour
 b - a +0 robe (worn)
 c - a +0 hat (worn)
 h - a +0 chain mail
Jewellery
 f - a +6 ring of dexterity (left hand)
 g - an amulet of guardian spirit
Potions
 d - 2 potions of curing {unknown}
 e - a potion of haste {unknown}
 i - a potion of might {unknown}
 j - a potion of heal wounds


   Skills:
 + Level 1.1 Fighting
 + Level 1.1 Short Blades
 + Level 1.1 Long Blades
 + Level 1.1 Axes
 + Level 1.1 Maces & Flails
 + Level 1.1 Polearms
 + Level 1.1 Staves
 + Level 1.1 Slings
 + Level 1.1 Bows
 + Level 1.1 Crossbows
 + Level 1.1 Throwing
 + Level 1.1 Armour
 + Level 4.6 Dodging
 + Level 4.2 Stealth
 + Level 1.1 Shields
 + Level 1.1 Unarmed Combat
 + Level 7.2 Spellcasting
 + Level 2.2 Conjurations
 + Level 0.8 Hexes
 + Level 2.2 Summonings
 + Level 0.8 Necromancy
 + Level 2.2 Translocations
 + Level 0.8 Transmutations
 + Level 0.8 Fire Magic
 + Level 0.8 Ice Magic
 + Level 0.8 Air Magic
 + Level 0.8 Earth Magic
 + Level 0.8 Poison Magic
 + Level 1.2 Invocations
 + Level 1.1 Evocations


You had 6 spell levels left.
You knew the following spells:

 Your Spells              Type           Power      Damage    Failure   Level
a - Magic Dart            Conj           40%        1d5       6%          1
b - Call Imp              Summ           10%        N/A       9%          2
c - Mephitic Cloud        Conj/Pois/Air  8%         N/A       26%         3
d - Conjure Flame         Conj/Fire      8%         6-21      24%         3
e - Blink                 Tloc           20%        N/A       9%          2

Your spell library contained the following spells:

 Spells                   Type           Power      Damage    Failure   Level
 Beastly Appendage        Tmut           12%        N/A       11%         1
 Slow                     Hex            24%        N/A       11%         1
 Wereblood                Tmut           6%         N/A       16%         2
 Spider Form              Tmut/Pois      6%         N/A       30%         3


Dungeon Overview and Level Annotations

Branches:
Dungeon (3/15)

Altars:

Shops:
D:2 !

Annotations:
D:3 Robin


Innate Abilities, Weirdness & Mutations

You have very sharp teeth.
Your uncanny sense of smell can sniff out nearby items.
Your experience applies equally to all skills.


Message History

You start resting.
Your shadow imp disappears in a puff of smoke!
Magic restored.
You start resting.
HP restored.
Items here: )) [ †.
Okay, then.
Things that are here:
a +0 scale mail; a +0 dagger; a goblin corpse You see here a +0 rapier.
Done exploring.
Done exploring.
There is a stone staircase leading down, spattered with blood here.
You aren't carrying any scrolls.
You climb downwards.
Level annotation: Robin The hobgoblin hits you.
The goblin closely misses you. The bat closely misses you.
The hobgoblin barely misses you. The goblin closely misses you.
Robin roars a battlecry!
The goblins go into a battle-frenzy!
The worm closely misses you. The hobgoblin barely misses you.
The goblin hits you with a +0 dagger. The hobgoblin hits you.
The goblin hits you but does no damage.
There is a stone staircase leading up, spattered with blood here.
The bat barely misses you. Robin throws the goblin at you! The worm bites you!
The hobgoblin completely misses you. The goblin hits you with a +0 dagger.
The hobgoblin closely misses you. The goblin hits you with a +0 dagger.
* * * LOW HITPOINT WARNING * * *
The goblin misses you.
You climb upwards.
There is a stone staircase leading down, spattered with blood here.
You aren't carrying any scrolls.
Casting: Magic Dart (safe; 6% risk of failure)
Confirm with . or Enter, or press ? or * to list all spells.
You blink.
The orc hits you with a +0 mace.
* * * LOW HITPOINT WARNING * * *
The goblin hits you with a +0 club.
You die...

#........(#......##..##..
#.........###........._#.
#.........###.####....#..
#.........##..#.>..#....†
#.........##....####..###
#.........##..##......# #
#####.........#...######.## #
##...########.g...#### #.# ##
##.....#######@o......# #.###.
#.......##.....g)####.# #.....
#.......##.###.#g## #.# #..###
#..<.......###.#g§# #.# ##..###
##.....######..##w# #.###......
#.......## #.###.# #.##..#..##
#......<.####.###.###.#........
#..........##.##........#.....#
##.....###.............).......


You could see a worm, an orc, 2 hobgoblins and 2 goblins.

Vanquished Creatures
  Jessica (D:2)
  An adder (D:2)
  A worm (D:2)
  An orc (D:2)
  3 ball pythons (D:1)
  3 endoplasms
  A giant cockroach (D:1)
  5 goblins
  5 hobgoblins
  A jackal (D:1)
  3 kobolds (D:1)
  3 bats (D:1)
  2 frilled lizards
  5 rats
35 creatures vanquished.

Vanquished Creatures (collateral kills)
  A goblin (D:2)
  A hobgoblin (D:2)
2 creatures vanquished.

Grand Total: 37 creatures vanquished

Notes
Turn   | Place    | Note
-------+----------+-------------------------------------------
     0 | D:1      | Andrea the Gnoll Hedge Wizard began the quest for the Orb.
     0 | D:1      | Reached XP level 1. HP: 13/13 MP: 8/8
   392 | D:1      | Reached XP level 2. HP: 15/19 MP: 3/10
   487 | D:1      | Learned a level 2 spell: Call Imp
   965 | D:1      | Reached XP level 3. HP: 25/25 MP: 7/11
   969 | D:1      | Learned a level 3 spell: Mephitic Cloud
   973 | D:1      | Learned a level 3 spell: Conjure Flame
   976 | D:1      | Learned a level 2 spell: Blink
  1611 | D:2      | Noticed Jessica
  1612 | D:2      | Killed Jessica
  1613 | D:2      | Reached skill level 1 in Fighting
  1613 | D:2      | Reached skill level 1 in Short Blades
  1613 | D:2      | Reached skill level 1 in Long Blades
  1613 | D:2      | Reached skill level 1 in Axes
  1613 | D:2      | Reached skill level 1 in Maces & Flails
  1613 | D:2      | Reached skill level 1 in Polearms
  1613 | D:2      | Reached skill level 1 in Staves
  1613 | D:2      | Reached skill level 1 in Slings
  1613 | D:2      | Reached skill level 1 in Bows
  1613 | D:2      | Reached skill level 1 in Crossbows
  1613 | D:2      | Reached skill level 1 in Throwing
  1613 | D:2      | Reached skill level 1 in Armour
  1613 | D:2      | Reached skill level 1 in Shields
  1613 | D:2      | Reached skill level 1 in Unarmed Combat
  1613 | D:2      | Reached skill level 1 in Invocations
  1613 | D:2      | Reached skill level 1 in Evocations
  1624 | D:2      | Found Qanasm's Distillery.
  1631 | D:2      | Found a faded altar of an unknown god.
  1860 | D:2      | Reached XP level 4. HP: 32/32 MP: 9/13
  2238 | D:2      | Bought a potion of heal wounds for 70 gold pieces
  2250 | D:3      | Noticed Robin
  2463 | D:2      | Slain by a goblin

Illustrated notes

Levels and vault maps discovered:
D:1:      dpeg_arrival_solitude, layout_basic, minmay_cut_off
D:2:      layout_rooms, serial_shops, shop, ebering_ecumenical_altar_rust,
          uniq_jessica
D:3:      layout_rooms, mainiacjoe_overflow_tiny_flanked, tgw_kikubaaqudgha,
          roderic_batcave, uniq_robin

Skill      XL: |  1  2  3 |
---------------+----------+-----
Conjurations   | 2 |  2.2
Summonings     | 2 |  2.2
Translocations | 2 |  2.2
Fighting       | 1 |  1.1
Short Blades   | 1 |  1.1
Long Blades    | 1 |  1.1
Axes           | 1 |  1.1
Maces & Flails | 1 |  1.1
Polearms       | 1 |  1.1
Staves         | 1 |  1.1
Slings         | 1 |  1.1
Bows           | 1 |  1.1
Crossbows      | 1 |  1.1
Throwing       | 1 |  1.1
Armour         | 1 |  1.1
Shields        | 1 |  1.1
Unarmed Combat | 1 |  1.1
Invocations    | 1 |  1.2
Evocations     | 1 |  1.1
Dodging        | |  4.6
Stealth        | |  4.2
Spellcasting   | |  7.2
Hexes          | |  0.8
Necromancy     | |  0.8
Transmutations | |  0.8
Fire Magic     | |  0.8
Ice Magic      | |  0.8
Air Magic      | |  0.8
Earth Magic    | |  0.8
Poison Magic   | |  0.8

Action                   |  1- 3 |  4- 6 || total
-------------------------+-------+-------++-------
Melee: Dagger            |     1 |     1 ||     2
 Cast: Magic Dart        |    79 |    17 ||    96
       Blink             |       |     1 ||     1
       Call Imp          |       |     1 ||     1
  Use: Scroll            |     2 |       ||     2
 Stab: Sleeping          |     1 |       ||     1
Armor: Robe              |     2 |     6 ||     8
Dodge: Dodged            |     8 |    16 ||    24
